 Dungeon Crawl Stone Soup version 0.31-a0-868-g674d60d6f7 (webtiles) character file.

Game seed: 8837485729399667565

533 subawu the Ruffian (level 7, -1/52 HPs)
             Began as a Gnoll Shapeshifter on Oct 10, 2023.
             Was an Initiate of Hepliaklqana.
             Slain by a scorpion (4 damage)
             ... on level 5 of the Dungeon on Oct 11, 2023.
             The game lasted 00:11:15 (3489 turns).

subawu the Ruffian (Gnoll Shapeshifter)             Turns: 3489, Time: 00:11:16

Health: -1/52      AC: 12    Str: 20    XL:     7   Next: 24%
Magic:  10/10      EV:  9    Int: 13    God:    Hepliaklqana [......]
Gold:   186        SH:  9    Dex: 11    Spells: 10/10 levels left

rFire   . .          .
                       - Unarmed
rCold   + . .        r - +0 buckler
rNeg    + . .        s - +4 chain mail "Emiy" {rElec Int+3}
rPois   +            (helmet currently unavailable)
rElec   +            y - melded +1 cloak
rCorr   .            (gloves currently unavailable)
SInv    .            p - melded +0 pair of boots
Will    .....        n - amulet "Gaeveu" {Reflect rPois rC+ Str+5 SH+5} Stlth
                     q - ring of positive energy
HPRegen 0.28/turn    (no ring)
MPRegen 0.12/turn

%: reflection
@: beast-form, attractive
A: beast (slay +3), fangs 1, strong nose, distributed training
a: Begin Untransformation, Renounce Religion


You were on level 5 of the Dungeon.
You worshipped Hepliaklqana.
Hepliaklqana was noncommittal.
You were a hulking beast.
You visited 2 branches of the dungeon, and saw 6 of its levels.

You collected 186 gold pieces.

Inventory:

Hand Weapons
 D - a +0 arbalest
Missiles
 l - 32 stones (quivered)
 v - 2 throwing nets
 B - 3 poisoned darts
Armour
 a - a +0 animal skin
 e - a +0 leather armour
 m - a +0 chain mail
 p - a +0 pair of boots (melded)
 r - a +0 buckler (worn)
 s - the +4 chain mail "Emiy" (worn) {rElec Int+3}
   (You found it on level 3 of the Dungeon)

   Int+3:     It affects your intelligence (+3).
   rElec:     It insulates you from electricity.
 u - a +0 scale mail
 y - a +1 cloak (melded)
Jewellery
 n - the amulet "Gaeveu" (around neck) {Reflect rPois rC+ Str+5 SH+5}
   (You found it on level 3 of the Dungeon)

   [amulet of reflection]

   Reflect:   It reflects blocked missile attacks.
   Str+5:     It affects your strength (+5).
   rC+:       It protects you from cold.
   rPois:     It protects you from poison SH+5: It affects your SH (+5).
 q - a ring of positive energy (left hand)
 w - a ring of protection from cold
Talismans
 c - a beast talisman (active)
 d - a flux talisman
Scrolls
 g - a scroll of fog {unknown}
 h - 4 scrolls of revelation {unknown}
 i - a scroll of silence {unknown}
 j - 2 scrolls of teleportation {unknown}
 k - 2 scrolls of torment {unknown}
 o - 3 scrolls of identify {unknown}
 t - a scroll of immolation {unknown}
 x - a scroll of noise {unknown}
 z - a scroll of enchant weapon {unknown}
 A - a scroll of fear {unknown}
 F - a scroll of poison {unknown}
 G - a scroll of enchant armour {unknown}
Potions
 b - a potion of lignification
 E - a potion of curing {unknown}


   Skills:
 + Level 3.5 Fighting
 + Level 2.4 Short Blades
 + Level 2.4 Long Blades
 + Level 2.4 Axes
 + Level 2.4 Maces & Flails
 + Level 2.4 Polearms
 + Level 2.4 Staves
 + Level 2.4 Ranged Weapons
 + Level 2.4 Throwing
 + Level 2.4 Armour
 + Level 5.2 Dodging
 + Level 2.4 Stealth
 + Level 2.4 Shields
 + Level 7.0 Unarmed Combat
 + Level 2.4 Spellcasting
 + Level 2.0 Conjurations
 + Level 2.0 Hexes
 + Level 2.0 Summonings
 + Level 2.0 Necromancy
 + Level 2.0 Translocations
 + Level 2.0 Transmutations
 + Level 2.0 Fire Magic
 + Level 2.0 Ice Magic
 + Level 2.0 Air Magic
 + Level 2.0 Earth Magic
 + Level 2.0 Poison Magic
 + Level 2.6 Invocations
 + Level 2.4 Evocations
 + Level 6.9 Shapeshifting


You had 10 spell levels left.
You didn't know any spells.
Your spell library contained the following spells:

 Spells                   Type           Power      Damage    Failure   Level
 Magic Dart               Conj           24%        1d4       73%         1
 Sandblast                Erth           12%        2d6       73%         1
 Blink                    Tloc           12%        N/A       86%         2
 Call Imp                 Summ           12%        N/A       86%         2
 Ensorcelled Hibernation  Hex/Ice        12%        N/A       86%         2
 Lesser Beckoning         Tloc           12%        N/A       86%         2
 Momentum Strike          Conj/Tloc      12%        3d8       86%         2
 Passwall                 Tmut/Erth      5%         N/A       86%         2
 Sublimation of Blood     Necr           6%         N/A       86%         2
 Wereblood                Tmut           6%         N/A       86%         2
 Gell's Gravitas          Tloc           6%         N/A       97%         3
 Inner Flame              Hex/Fire       6%         N/A       97%         3
 Mephitic Cloud           Conj/Pois/Air  6%         N/A       97%         3
 Swiftness                Air            6%         N/A       97%         3
 Teleport Other           Tloc           6%         N/A       97%         3
 Yara's Violent Unravell  Hex/Tmut       3%         3d4       100%        5
 Death Channel            Necr           3%         N/A       100%        6
 Enfeeble                 Hex            3%         N/A       100%        7
 Haunt                    Necr/Summ      3%         N/A       100%        7
 Summon Hydra             Summ           3%         N/A       100%        7


Dungeon Overview and Level Annotations

Branches:
Dungeon (5/15)             Temple (1/1) D:5

Altars:
Ashenzari
Dithmenos
Elyvilon
Hepliaklqana
Sif Muna
Trog
Xom
Zin
The Shining One


Innate Abilities, Weirdness & Mutations

You are a hulking beast.
Your limbs bulge with bestial killing power. (Slay +3)
You have very sharp teeth.
Your uncanny sense of smell can sniff out nearby items.
Your experience applies equally to all skills.


Message History

* * * LOW HITPOINT WARNING * * *
The scorpion closely misses you.
You closely miss the orc priest.
The orc priest is almost dead.
You block the orc priest's attack.
The scorpion stings you but does no damage.
You punch the orc priest!
You kill the orc priest!
You block the scorpion's attack.
Your Conjurations skill increases to level 2!
Your Hexes skill increases to level 2!
Your Summonings skill increases to level 2!
Your Necromancy skill increases to level 2!
Your Translocations skill increases to level 2!
Your Transmutations skill increases to level 2!
Your Fire Magic skill increases to level 2!
Your Ice Magic skill increases to level 2!
Your Air Magic skill increases to level 2!
Your Earth Magic skill increases to level 2!
Your Poison Magic skill increases to level 2!
The scorpion stings you but does no damage.
Things that are here:
a +0 short sword; a +0 leather armour You hit the scorpion but do no damage.
You block the scorpion's attack.
You punch the scorpion!
The scorpion is heavily wounded.
You block the scorpion's attack.
You hit the scorpion.
The scorpion is almost dead.
You block the scorpion's attack.
You hit the scorpion but do no damage.
The scorpion is almost dead.
The scorpion stings you but does no damage.
You hit the scorpion but do no damage.
The scorpion is almost dead.
The scorpion barely misses you.
You hit the scorpion. Your bite misses the scorpion.
The scorpion is almost dead.
The scorpion stings you.
You die...

####.....## #.###.#####
#.........###.#........#
#.###.#....#..#......#.#
#.#...#.#.#.#...##.###
#.#.......#.##........
#.....###.#.##.###.###
#####.#)# .#.##.# .#
........# #.##'###.#
#####.sh## #........#
#..8..# ##.....###
#.......###.......##
#..8.....##..)......#
#......<..#+...))....+
#...8.....##.........#
#.#..?....###..)....##
#.##..8..## ##.)...##
.....## ##...##


You could see a scorpion.

Vanquished Creatures
  A centaur (D:5)
  2 hounds (D:5)
  3 orc priests
  3 iguanas
  An orc wizard (D:3)
  7 gnolls (D:5)
  5 adders
  A shadow imp (D:5)
  A dart slug (D:1)
  10 orcs
  4 endoplasms
  2 giant cockroaches
  7 goblins
  8 hobgoblins
  2 jackals (D:1)
  12 kobolds
  4 quokkas
  3 ball pythons
  6 bats
  4 frilled lizards
  6 rats
92 creatures vanquished.

Notes
Turn   | Place    | Note
-------+----------+-------------------------------------------
     0 | D:1      | subawu the Gnoll Shapeshifter began the quest for the Orb.
     0 | D:1      | Reached XP level 1. HP: 17/17 MP: 1/1
    42 | D:1      | Reached XP level 2. HP: 16/23 MP: 2/2
   466 | D:1      | Reached XP level 3. HP: 28/28 MP: 3/3
   642 | D:2      | Found a shimmering altar of Xom.
   718 | D:2      | Reached skill level 1 in Invocations
   789 | D:2      | Reached skill level 1 in Short Blades
   789 | D:2      | Reached skill level 1 in Long Blades
   789 | D:2      | Reached skill level 1 in Axes
   789 | D:2      | Reached skill level 1 in Maces & Flails
   789 | D:2      | Reached skill level 1 in Polearms
   789 | D:2      | Reached skill level 1 in Staves
   789 | D:2      | Reached skill level 1 in Ranged Weapons
   789 | D:2      | Reached skill level 1 in Throwing
   789 | D:2      | Reached skill level 1 in Armour
   789 | D:2      | Reached skill level 1 in Stealth
   789 | D:2      | Reached skill level 1 in Shields
   789 | D:2      | Reached skill level 1 in Spellcasting
   789 | D:2      | Reached skill level 1 in Evocations
   969 | D:2      | Found a faded altar of an unknown god.
  1135 | D:2      | Reached XP level 4. HP: 34/34 MP: 5/5
  1319 | D:3      | Identified the amulet "Gaeveu" {Reflect rPois rC+ Str+5
                  | SH+5}
  1342 | D:3      | Identified the +4 chain mail "Emiy" {rElec Int+3}
  1824 | D:3      | Reached skill level 1 in Conjurations
  1824 | D:3      | Reached skill level 1 in Hexes
  1824 | D:3      | Reached skill level 1 in Summonings
  1824 | D:3      | Reached skill level 1 in Necromancy
  1824 | D:3      | Reached skill level 1 in Translocations
  1824 | D:3      | Reached skill level 1 in Transmutations
  1824 | D:3      | Reached skill level 1 in Fire Magic
  1824 | D:3      | Reached skill level 1 in Ice Magic
  1824 | D:3      | Reached skill level 1 in Air Magic
  1824 | D:3      | Reached skill level 1 in Earth Magic
  1824 | D:3      | Reached skill level 1 in Poison Magic
  1828 | D:3      | Reached XP level 5. HP: 24/40 MP: 5/7
  1828 | D:3      | Upgraded the game from 0.31-a0-865-g3d5d91748a to
                  | 0.31-a0-868-g674d60d6f7
  2115 | D:4      | Got a murmuring book
  2555 | D:5      | Entered Level 5 of the Dungeon
  2722 | D:5      | Found a staircase to the Ecumenical Temple.
  2728 | D:5      | Reached XP level 6. HP: 47/47 MP: 8/8
  2736 | Temple   | Entered the Ecumenical Temple
  2757 | Temple   | Became a worshipper of Hepliaklqana the Forgotten
  2994 | D:5      | Reached skill level 5 in Dodging
  3031 | D:5      | Found a white marble altar of Elyvilon.
  3110 | D:5      | Reached XP level 7. HP: 17/52 MP: 10/10
  3117 | D:5      | Reached skill level 7 in Unarmed Combat
  3480 | D:5      | HP: 1/52 [orc priest/divine providence (13)]
  3489 | D:5      | Slain by a scorpion

Illustrated notes

Levels and vault maps discovered:
D:1:      lemuel_arrival_hallway, layout_basic, dreamdust_mushroom_princess
D:2:      layout_basic, basic_altar, shapermc_ecumenical_altar_hornbeckon
D:3:      layout_loops_ring, serial_glass, glass_columns_a, glass_columns_a,
          glass_columns_a, glass_columns_b
D:4:      layout_rooms, kennysheep_minor_cross
D:5:      corexii_shack_village, layout_loops_corners,
          mainiacjoe_overflow_cross_hatched, minmay_temple_entry_mist,
          grunt_ministairs_9
Temple:   nicolae_temple_superstar

Skill      XL: |  1  2  3  4  5  6  7 |
---------------+----------------------+-----
Invocations    | 1 2 |  2.6
Short Blades   | 1 2 |  2.4
Long Blades    | 1 2 |  2.4
Axes           | 1 2 |  2.4
Maces & Flails | 1 2 |  2.4
Polearms       | 1 2 |  2.4
Staves         | 1 2 |  2.4
Ranged Weapons | 1 2 |  2.4
Throwing       | 1 2 |  2.4
Armour         | 1 2 |  2.4
Stealth        | 1 2 |  2.4
Shields        | 1 2 |  2.4
Spellcasting   | 1 2 |  2.4
Evocations     | 1 2 |  2.4
Conjurations   | 1 2 |  2.0
Hexes          | 1 2 |  2.0
Summonings     | 1 2 |  2.0
Necromancy     | 1 2 |  2.0
Translocations | 1 2 |  2.0
Transmutations | 1 2 |  2.0
Fire Magic     | 1 2 |  2.0
Ice Magic      | 1 2 |  2.0
Air Magic      | 1 2 |  2.0
Earth Magic    | 1 2 |  2.0
Poison Magic   | 1 2 |  2.0
Fighting       | 3 |  3.5
Dodging        | 5 |  5.2
Unarmed Combat | 7 |  7.0
Shapeshifting  | |  6.9

Action                     |  1- 3 |  4- 6 |  7- 9 || total
---------------------------+-------+-------+-------++-------
  Melee: Unarmed           |    97 |   106 |    23 ||   226
         Bite              |     5 |     9 |     2 ||    16
         Punch             |     2 |       |       ||     2
  Throw: Dart              |       |       |     4 ||     4
         Stone             |       |       |     2 ||     2
    Use: Potion            |       |     1 |     2 ||     3
   Stab: Sleeping          |     1 |       |       ||     1
 Armour: Leather armour    |    90 |       |       ||    90
         Chain mail        |       |    67 |    20 ||    87
         Skin              |       |    18 |     3 ||    21
  Dodge: Dodged            |   104 |    52 |     9 ||   165
  Block: Buckler           |       |    52 |    14 ||    66
         Other             |       |     1 |       ||     1
         Reflection        |       |     1 |       ||     1
         Form:             |       |     2 |       ||     2
         Beast             |       |     2 |       ||     2

Table legend: (Time is in decaauts)
 A = Elapsed time spent in this place.
 B = Non-inter-level travel time spent in this place.
 C = Inter-level travel time spent in this place.
 D = Time resting spent in this place.
 E = Time spent auto-exploring this place.
 F = Levels seen in this place.
 G = Mean time per level.
                   A        B        C        D        E       F      G
               +--------+--------+--------+--------+--------+-----+--------+
         Total |   3483 |   3364 |    119 |    299 |   1792 |   6 |  580.5 |
       Dungeon |   3442 |   3323 |    119 |    299 |   1792 |   5 |  688.4 |
        Temple |     40 |     40 |      0 |      0 |      0 |   1 |   40.0 |
               +--------+--------+--------+--------+--------+-----+--------+

Top non-repeatable levels by time:
     D:5: 891 daAuts
     D:2: 713 daAuts
     D:3: 681 daAuts
     D:4: 590 daAuts
     D:1: 566 daAuts
  Temple: 40 daAuts
